 Dungeon Crawl Stone Soup version 0.24.0-37-gcf1ca852f1 (webtiles) character file.

Game seed: 7958739715450144092, levelgen mode: deterministic

41907 Amplified the Unseen (level 13, -18/103 HPs)
             Began as a Vampire Assassin on Nov 28, 2019.
             Was the Champion of Dithmenos.
             Demolished by a minotaur
             ... wielding a +0 bardiche
              (64 damage)
             ... in a Gauntlet.
             The game lasted 00:28:25 (12780 turns).

Amplified the Unseen (Vampire Assassin)            Turns: 12780, Time: 00:28:26

Health: -18/103    AC: 14    Str: 23    XL:     13   Next: 82%
Magic:  7/16       EV: 18    Int: 13    God:    Dithmenos [******]
Gold:   947        SH:  0    Dex: 20    Spells: 11/12 levels left

rFire    + + +     SeeInvis +   y - +12 rapier "Kenuodim" {pierce, rPois rF++ Str+3 Int-5}
rCold    + + .     Gourm    .   (no shield)
rNeg     . . .     Faith    +   H - +0 steam dragon scales
rPois    +         Spirit   .   r - +0 helmet
rElec    .         Reflect  .   l - scarf {rC+ rF+}
rCorr    .         Harm     .   w - +2 pair of gloves
MR       ++...     Rnd*Rage +   S - +2 pair of boots of the Assassin {Detection Stab+ Stlth++} Stlth ++++++++++NoTele +
                                h - amulet of faith
HPRegen  0.47/turn              F - ring of Yklewk {MR+ Stlth+}
MPRegen  0.15/turn              U - ring "Xopozxoll" {rPois Str+6 SInv}

@: mighty, brilliant, very slightly contaminated, regenerating quickly, hasted,
wreathed by umbra, studying Invocations, very quick
A: no food, fangs 3, see invisible, berserk 1, cold resistance 1, weak 1,
unbreathing, no potion heal 1, MP-powered wands
a: Exsanguinate, Shadow Step, Shadow Form, Renounce Religion


You were in a Gauntlet.
You worshipped Dithmenos.
Dithmenos was exalted by your worship.
You were alive.

You visited 3 branches of the dungeon, and saw 17 of its levels.
You also visited: Sewer and Gauntlet.

You collected 1037 gold pieces.
You spent 90 gold pieces at shops.

Inventory:

Hand Weapons
 f - the +8 war axe of the Puffball {chop, Str+7}
   (You found it on level 9 of the Dungeon)

   It inflicts extra damage upon your enemies.
   It affects your strength (+7).
 j - a +2 short sword of venom
 q - the +5 dagger "Joifeaz" {pierce, rF+ rN+ Str+6}
   (You found it on level 6 of the Dungeon)

   It inflicts extra damage upon your enemies.
   It affects your strength (+6).
   It protects you from fire.
   It protects you from negative energy.
 y - the +12 rapier "Kenuodim" (weapon) {pierce, rPois rF++ Str+3 Int-5}
   (You found it on level 6 of the Dungeon)

   It inflicts extra damage upon your enemies.
   It affects your strength (+3).
   It affects your intelligence (-5).
   It greatly protects you from fire.
   It protects you from poison.
Missiles
 d - 69 poisoned darts (quivered)
 v - 2 datura-tipped darts
 I - 8 atropa-tipped darts
Armour
 l - a scarf of resistance (worn)
 r - a +0 helmet (worn)
 w - a +2 pair of gloves (worn)
 H - +0 steam dragon scales (worn)
 S - the +2 pair of boots of the Assassin (worn) {Detection Stab+ Stlth++}
   (You found it in a Gauntlet)

   It makes you much more stealthy.
Jewellery
 a - an uncursed ring of flight
 g - an uncursed ring of ice
 h - an amulet of faith (around neck)
 k - an uncursed ring of fire
 n - an uncursed ring of protection from magic
 D - an uncursed ring of magical power
 E - an uncursed ring of protection from magic
 F - the ring of Yklewk (left hand) {MR+ Stlth+}
   (You found it on level 14 of the Dungeon)

   [ring of stealth]

   It affects your resistance to hostile enchantments.
   It makes you more stealthy.
 L - an uncursed amulet of harm
 M - an uncursed ring of magical power
 U - the ring "Xopozxoll" (right hand) {rPois Str+6 SInv}
   (You found it in a Gauntlet)

   [ring of poison resistance]

   It affects your strength (+6).
   It protects you from poison.
   It lets you see invisible.
Wands
 b - a wand of polymorph (6)
 c - a wand of flame (16)
 p - a wand of random effects (16)
 B - a wand of paralysis (19)
 G - a wand of digging (4)
Scrolls
 e - a scroll of enchant armour
 t - 2 scrolls of amnesia
 A - 6 scrolls of remove curse
 C - 8 scrolls of teleportation
 K - 2 scrolls of enchant weapon
 N - a scroll of identify
 P - a scroll of torment
Potions
 i - 3 potions of curing
 m - 2 potions of haste
 o - 2 potions of resistance
 s - 2 potions of magic
 x - a potion of ambrosia
 O - 2 potions of cancellation
 T - a potion of mutation
Books
 z - a manual of Invocations


   Skills:
 + Level 10.2 Fighting
 - Level 15.6 Short Blades
 - Level 1.5 Throwing
 + Level 7.0 Armour
 - Level 7.8 Dodging
 + Level 16.7 Stealth
 * Level 5.0 Invocations


You had 11 spell levels left.
You knew the following spells:

 Your Spells              Type           Power        Failure   Level  Hunger
a - Confusing Touch       Hex            #.....       3%          1    N/A

Your spell library contained the following spells:

 Spells                   Type           Power        Failure   Level  Hunger
 Animate Skeleton         Necr           N/A          3%          1    N/A
 Apportation              Tloc           #.....       3%          1    N/A
 Freeze                   Ice            #...         3%          1    N/A
 Sandblast                Erth           #.....       3%          1    N/A
 Summon Small Mammal      Summ           #...         3%          1    N/A
 Passwall                 Tmut/Erth      #.......     5%          2    N/A
 Throw Frost              Conj/Ice       #.....       5%          2    N/A
 Ozocubu's Armour         Chrm/Ice       #.......     11%         3    N/A
 Stone Arrow              Conj/Erth      #.....       11%         3    N/A
 Petrify                  Tmut/Erth      #.......     30%         4    N/A
 Summon Ice Beast         Ice/Summ       #.......     30%         4    N/A
 Throw Icicle             Conj/Ice       #.......     30%         4    N/A
 Lee's Rapid Deconstruct  Erth           #.........   58%         5    N/A

Dungeon Overview and Level Annotations

Branches:
Dungeon (15/15)            Temple (1/1) D:5            Lair (1/6) D:8
    Orc (0/2) D:12         Vaults (0/5) D:13         Depths (0/5) D:15
  Sewer (visited)         Gauntlet (1/1)

Altars:
Ashenzari
Cheibriados
Dithmenos
Elyvilon
Fedhas
Gozag
Kikubaaqudgha
Makhleb
Nemelex Xobeh
Okawaru
Qazlal
Ru
Sif Muna
Trog
Uskayaw
Vehumet
Wu Jian
Xom
Yredelemnul
Zin
The Shining One

Shops:
D:14 (

Annotations:
D:4 Robin
D:13 1 runed translucent door, Sefoz's ghost, journeyman SpEn
D:15 Josephine Gauntlet 12 transporters


Innate Abilities, Weirdness & Mutations

You do not eat.
Your natural rate of healing is unusually fast.
You have razor-sharp teeth.
You have supernaturally acute eyesight. (SInv)
You can survive without breathing.
You tend to lose your temper in combat.
Your flesh is cold resistant. (rC+)
You are weak. (Str -2)
Potions are less effective at restoring your health.
You expend magic power (3 MP) to strengthen your wands.


Message History

The minotaur headbutts you!
Your shadow hits the minotaur but does no damage.
The minotaur hits you with a +0 bardiche!!
You emit a cloud of dark smoke.
The minotaur closely misses you.
You are too injured to fight recklessly!
Okay, then.
You hit the minotaur but do no damage.
You bite the minotaur, but do no damage.
Your shadow hits the minotaur with a rapier.
You hit the minotaur but do no damage.
The minotaur appears confused.
The minotaur is lightly wounded.
You hit the minotaur but do no damage.
The minotaur is lightly wounded.
Your shadow hits the minotaur but does no damage.
You puncture the minotaur!
The minotaur is moderately wounded.
Your shadow hits the minotaur but does no damage.
The minotaur hits you with a +0 bardiche!!!
Ouch! That really hurt!
You die...

##### #8∩8# #[H=# #8.8#
####[.(#### ###8.#8.8#.8###
#..§§#...#....# #§§#8.8#..#.#
#.#§@##'##..#.# #.§§§H§(......#
#.#§##§#.##.#.# #.#....#....#.#
###.#.#######.#.###
#≈..............§§# ## ###
####8..©.©.©.©.©.©.§8#### 8# #8#
#8##§...............≈##8#
#################################


You could see a minotaur (confused).

Vanquished Creatures
  The ghost of mrkaede the Thaumaturge, a journeyman GnSk of the Shining One (D:14)
  Harold (D:8)
  A vault guard (D:13)
  A rakshasa (D:13)
  Erolcha (D:10)
  6 two-headed ogres
  Erica (D:10)
  A queen ant (D:10)
  4 centaur warriors
  A tengu warrior (D:13)
  A fire crab (Gauntlet)
  3 unseen horrors
  2 flayed ghosts
  8 ugly things
  2 centaur zombies (D:14)
  4 cyclopes
  A centaur skeleton (D:13)
  A gargoyle (D:14)
  An efreet (D:14)
  A freezing wraith (D:14)
  A komodo dragon (D:8)
  5 trolls
  A wolf spider simulacrum (Gauntlet)
  A hornet (D:13)
  Grinder (D:5)
  5 hippogriffs
  7 slime creatures
  2 meliai zombies
  2 shadows
  Sigmund (D:5)
  5 vampires
  Grum (D:8)
  13 yaks
  A wyvern (D:14)
  3 fire bats (Gauntlet)
  5 wraiths (D:14)
  A neqoxec (Gauntlet)
  A steam dragon (D:9)
  4 hungry ghosts
  4 vampire mosquitoes
  3 chaos spawn (Gauntlet)
  A harpy simulacrum (Gauntlet)
  2 acid dragons
  8 soldier ants (D:10)
  6 water moccasins
  3 sky beasts
  6 orc warriors
  4 ice beasts
  3 necrophages
  A black bear (D:9)
  A phantom (D:8)
  15 centaurs
  An eye of draining (D:15)
  3 wolves
  7 ogres
  A centaur (shapeshifter) (D:12)
  2 big kobolds (D:8)
  3 crocodiles
  11 bullfrogs
  A wyvern skeleton (D:11)
  A hornet simulacrum (Gauntlet)
  2 scorpions
  9 killer bees
  9 wights
  7 crimson imps
  3 howler monkeys (D:12)
  9 jellies
  6 hounds
  8 orc priests
  2 bullfrog skeletons
  5 iguanas
  14 orc wizards
  Jessica (D:3)
  Ijyb (D:5)
  34 worker ants
  A hound zombie (D:6)
  2 hound skeletons
  11 gnolls
  13 adders
  2 howler monkey skeletons
  4 shadow imps
  2 adder skeletons
  4 worms
  2 dart slugs
  7 leopard geckos
  38 orcs
  3 ball pythons
  8 giant cockroaches
  13 goblins
  9 hobgoblins
  17 jackals
  3 quokkas
  13 bats
  3 frilled lizards
  14 kobolds
  11 rats
479 creatures vanquished.

Vanquished Creatures (others)
  A plant (D:8)
1 creature vanquished.

Grand Total: 480 creatures vanquished

Notes
Turn   | Place    | Note
-------+----------+-------------------------------------------
     0 | D:1      | Amplified the Vampire Assassin began the quest for the Orb.
     0 | D:1      | Reached XP level 1. HP: 16/16 MP: 1/1
   139 | D:1      | Reached skill level 6 in Stealth
   163 | D:1      | Reached XP level 2. HP: 22/22 MP: 2/2
   500 | D:1      | Reached XP level 3. HP: 27/27 MP: 3/3
   952 | D:2      | Found Zin's Purification Station.
   954 | D:2      | Found a glowing silver altar of Zin.
   962 | D:2      | Bought a potion of curing for 90 gold pieces
  1179 | D:2      | Gained mutation: Potions are less effective at restoring
                  | your health. [potion of mutation]
  1179 | D:2      | Gained mutation: You are weak. (Str -2) [potion of
                  | mutation]
  1179 | D:2      | Gained mutation: You have a pair of small horns on your
                  | head. [potion of mutation]
  1179 | D:2      | Gained mutation: Your flesh is cold resistant. (rC+)
                  | [potion of mutation]
  1182 | D:2      | Reached XP level 4. HP: 31/33 MP: 4/4
  1919 | D:4      | Found a shadowy altar of Dithmenos.
  1951 | D:4      | Reached XP level 5. HP: 39/39 MP: 5/5
  2173 | D:3      | Noticed Jessica
  2214 | D:3      | Reached skill level 7 in Stealth
  2772 | D:3      | Reached XP level 6. HP: 35/47 MP: 6/6
  2967 | D:3      | Killed Jessica
  3134 | D:3      | Reached skill level 5 in Short Blades
  3232 | D:4      | Noticed Robin
  3271 | D:5      | Entered Level 5 of the Dungeon
  3308 | D:5      | Found a staircase to the Ecumenical Temple.
  3319 | D:5      | Noticed a water moccasin
  3327 | Temple   | Entered the Ecumenical Temple
  3350 | Temple   | Killed a water moccasin
  3584 | Temple   | Became a worshipper of Dithmenos the Shadowed
  3608 | D:5      | Reached XP level 7. HP: 20/52 MP: 7/7
  3828 | D:5      | Noticed Ijyb
  3847 | D:5      | Noticed Sigmund
  3854 | D:5      | Killed Ijyb
  3867 | D:5      | Killed Sigmund
  3867 | D:5      | Reached skill level 8 in Stealth
  4120 | D:5      | Noticed Grinder
  4127 | D:5      | Killed Grinder
  4127 | D:5      | Reached XP level 8. HP: 60/60 MP: 8/8
  4176 | D:5      | Found a shattered altar of Ashenzari.
  4428 | D:5      | Reached skill level 9 in Stealth
  4636 | D:6      | Reached * piety under Dithmenos
  4653 | D:6      | Reached skill level 5 in Dodging
  4677 | D:6      | Got a twisted dagger
  4684 | D:6      | Identified the +5 dagger "Joifeaz" {pierce, rF+ rN+ Str+6}
                  | (You found it on level 6 of the Dungeon)
  4806 | D:6      | Got a pitted rapier
  4997 | D:6      | Found a glowing drain.
  5001 | Sewer    | Entered a sewer
  5249 | D:6      | Identified the +12 rapier "Kenuodim" {pierce, rPois rF++
                  | Str+3 Int-5} (You found it on level 6 of the Dungeon)
  5435 | D:7      | Learned a level 1 spell: Confusing Touch
  5491 | D:7      | Reached ** piety under Dithmenos
  5536 | D:7      | Reached skill level 5 in Fighting
  5567 | D:7      | Found a radiant altar of Vehumet.
  5573 | D:7      | Found a hide-covered altar of Uskayaw.
  5573 | D:7      | Found a sacrificial altar of Ru.
  5573 | D:7      | Found an ornate altar of the Wu Jian Council.
  5577 | D:7      | Found an ancient bone altar of Kikubaaqudgha.
  5579 | D:7      | Found an opulent altar of Gozag.
  5786 | D:7      | Reached skill level 10 in Stealth
  5786 | D:7      | Reached XP level 9. HP: 46/68 MP: 9/9
  5945 | D:7      | Found a shimmering blue altar of Sif Muna.
  6237 | D:8      | Found a shadowy altar of Dithmenos.
  6240 | D:8      | Noticed Harold
  6246 | D:8      | Killed Harold
  6293 | D:8      | Found a staircase to the Lair.
  6299 | D:8      | Noticed a komodo dragon
  6319 | D:8      | Killed a komodo dragon
  6319 | D:8      | Reached skill level 11 in Stealth
  6415 | D:8      | Reached *** piety under Dithmenos
  6427 | D:8      | Reached skill level 10 in Short Blades
  6529 | D:8      | Noticed a two-headed ogre
  6549 | D:8      | Killed a two-headed ogre
  6549 | D:8      | Reached XP level 10. HP: 49/76 MP: 10/10
  6717 | D:8      | Noticed a cyclops
  6732 | D:8      | Killed a cyclops
  6760 | D:8      | Noticed a cyan ugly thing
  6764 | D:8      | Killed a cyan ugly thing
  6893 | D:8      | Reached skill level 12 in Stealth
  7058 | D:9      | Noticed Grum
  7074 | D:8      | Killed Grum
  7126 | D:9      | Got an iridescent war axe
  7154 | D:9      | Reached skill level 1 in Armour
  7160 | D:9      | Reached **** piety under Dithmenos
  7200 | D:9      | Identified the +8 war axe of the Puffball {chop, Str+7}
                  | (You found it on level 9 of the Dungeon)
  7522 | D:10     | Entered Level 10 of the Dungeon
  7973 | D:10     | Reached XP level 11. HP: 84/84 MP: 11/11
  8106 | D:10     | Noticed Erica
  8108 | D:10     | Killed Erica
  8112 | D:10     | Lost mutation: You are weak. (Str -2) [potion of mutation]
  8112 | D:10     | Lost mutation: You have a pair of small horns on your head.
                  | [potion of mutation]
  8112 | D:10     | Gained mutation: You tend to lose your temper in combat.
                  | [potion of mutation]
  8112 | D:10     | Gained mutation: You are weak. (Str -2) [potion of
                  | mutation]
  8112 | D:10     | Gained mutation: You expend magic power (3 MP) to
                  | strengthen your wands. [potion of mutation]
  8127 | D:10     | Noticed Erolcha
  8131 | D:10     | Noticed a queen ant
  8155 | D:10     | Killed Erolcha
  8155 | D:10     | Reached skill level 13 in Stealth
  8162 | D:10     | Killed a queen ant
  8171 | D:10     | Reached ***** piety under Dithmenos
  8411 | D:11     | Noticed an unseen horror
  8419 | D:11     | Killed an unseen horror
  8769 | D:11     | Noticed a two-headed ogre
  8773 | D:11     | Noticed a two-headed ogre
  8778 | D:11     | Killed a two-headed ogre
  8778 | D:11     | Reached skill level 14 in Stealth
  8800 | D:11     | Killed a two-headed ogre
  8885 | D:11     | Reached XP level 12. HP: 94/94 MP: 12/12
  9473 | D:12     | Reached ****** piety under Dithmenos
  9739 | D:12     | Found a staircase to the Orcish Mines.
  9853 | D:12     | Noticed a two-headed ogre
  9863 | D:12     | Killed a two-headed ogre
 10192 | D:13     | Noticed a two-headed ogre
 10204 | D:13     | Killed a two-headed ogre
 10204 | D:13     | Reached skill level 5 in Armour
 10246 | D:13     | Reached skill level 15 in Stealth
 10372 | D:13     | Found a runed translucent door.
 10373 | D:13     | Found a shimmering altar of Xom.
 10373 | D:13     | Noticed Sefoz's ghost (journeyman SpEn)
 10411 | D:13     | Noticed a centaur warrior
 10415 | D:13     | Killed a centaur warrior
 10422 | D:13     | Noticed a centaur warrior
 10428 | D:13     | Killed a centaur warrior
 10531 | D:13     | Noticed a rakshasa
 10536 | D:13     | Killed a rakshasa
 10542 | D:13     | Noticed a vault guard
 10551 | D:13     | Killed a vault guard
 10551 | D:13     | Reached XP level 13. HP: 101/101 MP: 13/13
 10590 | D:13     | Found a gate to the Vaults.
 10834 | D:14     | Reached skill level 15 in Short Blades
 10901 | D:14     | Found Muon's Antique Weapon Shop.
 11262 | D:14     | Found a runed translucent gate.
 11262 | D:14     | Found a runed translucent gate.
 11272 | D:14     | Reached skill level 16 in Stealth
 11284 | D:14     | Found a runed translucent gate.
 11304 | D:14     | Noticed mrkaede's ghost (journeyman GnSk)
 11629 | D:14     | Killed mrkaede's ghost
 11629 | D:14     | Reached skill level 10 in Fighting
 11675 | D:14     | Got a warped jade ring
 11681 | D:14     | Identified a scroll of acquirement
 11682 | D:14     | Identified the ring of Yklewk {MR+ Stlth+} (You found it on
                  | level 14 of the Dungeon)
 11761 | D:15     | Entered Level 15 of the Dungeon
 11797 | D:15     | Reached skill level 1 in Invocations
 11839 | D:15     | Found a staircase to the Depths.
 11839 | D:15     | Noticed a fire giant
 11864 | D:15     | Noticed Josephine
 12112 | Lair:1   | Entered Level 1 of the Lair of Beasts
 12206 | Lair:1   | Found a gate leading to a gauntlet.
 12219 | Gauntlet | Entered a Gauntlet
 12219 | Gauntlet | Found a transporter.
 12228 | Gauntlet | Found a transporter.
 12234 | Gauntlet | Found a transporter.
 12235 | Gauntlet | Found the +2 pair of boots of the Assassin {Detection Stab+
                  | Stlth++}
 12236 | Gauntlet | Found a transporter.
 12260 | Gauntlet | Found a transporter.
 12265 | Gauntlet | Found a transporter.
 12279 | Gauntlet | Noticed a blizzard demon
 12280 | Gauntlet | Found a transporter.
 12299 | Gauntlet | Found a transporter.
 12311 | Gauntlet | Found a transporter.
 12323 | Gauntlet | Found a transporter.
 12323 | Gauntlet | Noticed a reaper
 12335 | Gauntlet | Found a transporter.
 12347 | Gauntlet | Found a transporter.
 12355 | Gauntlet | Found a transporter.
 12394 | Gauntlet | Found a transporter.
 12396 | Gauntlet | Found a transporter.
 12423 | Gauntlet | Found a transporter.
 12501 | Gauntlet | Found a transporter.
 12521 | Gauntlet | Found a transporter.
 12720 | Gauntlet | Reached skill level 5 in Invocations
 12727 | Gauntlet | Got a warped golden ring
 12732 | Gauntlet | Identified the ring "Xopozxoll" {rPois Str+6 SInv} (You
                  | found it in a Gauntlet)
 12750 | Gauntlet | Noticed a minotaur
 12780 | Gauntlet | Demolished by a minotaur

Levels and vault maps discovered:
D:1:      giann_wishing_wells, layout_basic
D:2:      layout_loops_ring, zin_purify, first_ration, minmay_heptomino_h4
D:3:      layout_basic, uniq_jessica
D:4:      layout_cave_pools, kennysheep_mini, grunt_dithmenos_smoke, uniq_robin
D:5:      layout_basic, minmay_temple_entry_large_hall,
          hangedman_decor_peaks_small, eino_tiny_chamber,
          cheibrodos_ashenzari_chains, uniq_sigmund, uniq_grinder, uniq_ijyb
D:6:      layout_cave_pools, gup_sewer_entry_spiral
D:7:      layout_basic, minitemple, tgw_sif
D:8:      layout_loops_ring, david_lair_shrubbed, basic_altar,
          blue_anna_alchemist [blue_anna_fruit_fields, blue_anna_fruit_fields],
          minmay_misc_feat_rows, grunt_ministairs_3, minivault_11, kb_rosetta,
          uniq_harold
D:9:      layout_rooms, small_statue_intersection,
          hangedman_abyss_or_decor_passed, uniq_grum
D:10:     layout_irregular_city, zaba_antful_of_joy, uniq_erica, uniq_erolcha
D:11:     layout_cave_pods
D:12:     minmay_textured_paths, layout_irregular_city
D:13:     layout_loops_ring, david_vaults_5, ebering_ghost_xom,
          minmay_strange_pillars
D:14:     layout_gridville, gammafunk_ghost_spectres, serial_shops, shop
D:15:     grunt_enter_depths_giant_problem, layout_rooms, lemuel_statue_altar,
          nicolae_ru_sacrificial_ziggurat, uniq_josephine, uniq_nessos
Temple:   zaba_magenta_temple
Lair:1:   layout_loops_ring, gauntlet_entry_generic
Gauntlet: gammafunk_gauntlet_one_two_three [gammafunk_gauntlet_arena_open,
          nicolae_gauntlet_arena_t_cross, nicolae_gauntlet_arena_x,
          nicolae_gauntlet_arena_quarters, nicolae_gauntlet_swirl,
          nicolae_gauntlet_arena_grate_2,
          gammafunk_gauntlet_arena_split_diamond,
          gammafunk_gauntlet_arena_crates, gammafunk_gauntlet_arena_corners,
          nicolae_gauntlet_exit_dead_adventurers]

Skill      XL: |  1  2  3  4  5  6  7  8  9 10 11 12 13 |
---------------+----------------------------------------+-----
Stealth        | 6 7 8 10 11 12 14 15 16 | 16.7
Fighting       | 2 3 4 5 6 7 8 9 10 | 10.2
Short Blades   | 3 4 5 6 8 10 11 13 14 15 | 15.6
Dodging        | 2 3 4 5 7 |  7.8
Armour         | 1 4 5 7 |  7.0
Invocations    | 5 |  5.0
Throwing       | |  1.5

Action                   |  1- 3 |  4- 6 |  7- 9 | 10-12 | 13-15 || total
-------------------------+-------+-------+-------+-------+-------++-------
Melee: Dagger            |   147 |   164 |    58 |       |       ||   369
       Bite              |    10 |    24 |    23 |    53 |    34 ||   144
       Headbutt          |       |    47 |    40 |    25 |       ||   112
       Short sword       |       |    80 |    88 |       |       ||   168
       Rapier            |       |       |    88 |   490 |   284 ||   862
Throw: Dart              |     2 |    27 |     5 |     2 |       ||    36
 Cast: Confusing Touch   |       |       |       |       |     1 ||     1
Invok: Shadow Step       |       |       |       |       |     1 ||     1
Evoke: Wand              |       |       |     5 |     3 |    14 ||    22
  Use: Scroll            |     3 |     7 |     4 |     5 |     8 ||    27
       Potion            |     2 |     6 |     4 |     3 |    15 ||    30
 Stab: Sleeping          |    11 |    10 |    23 |    44 |    23 ||   111
       Distracted        |       |       |       |     3 |     1 ||     4
Armor: Ring mail         |    69 |    87 |    31 |       |       ||   187
       Skin              |       |    11 |       |       |       ||    11
       Steam dragon scal |       |       |       |    44 |    33 ||    77
Dodge: Dodged            |    76 |   129 |    87 |   256 |   141 ||   689
